Map: Ley Lines

Players

UpATree

  • Race: Terran Terran
  • League: Master
  • Spawn Location: 1:00

hinO - Winner!

  • Race: Zerg Zerg
  • League: Grandmaster
  • Spawn Location: 7:00

VOD

Have the link to the VOD?

Description

Time

  • Played on: July 29, 2025, 3 p.m.
  • Length: 6:12
Show
View Real Time Build Order
Export as new Build Order

UpATree Terran 

Build Orders: Reaper Expand, Hellion Banshee 

Get SALT Encoding   

  12  0:00  SCV  
  13  0:12  SCV  
  14  0:17  Supply Depot  
  14  0:24  SCV  
  15  0:38  SCV  
  15  0:39  Barracks  
  16  0:45  Refinery  
  16  0:51  SCV  
  17  1:03  SCV  
  18  1:15  SCV  
  19  1:28  Orbital Command  
  19  1:31  Reaper  
  20  1:40  Command Center  
  20  1:49  Supply Depot  
  20  1:54  SCV  
  21  2:02  Marine  
  21  2:06  SCV  
  23  2:12  Factory  
  23  2:18  SCV  
  24  2:31  Barracks Reactor  
  23  2:37  SCV  
  23  2:40  Command Center  
  24  2:48  Refinery  
  24  2:49  SCV  
  25  2:53  Orbital Command  
  26  3:05  SCV  
  26  3:11  Starport  
  25  3:15  Hellion  
  25  3:16  Hellion  
  25  3:17  SCV  
  30  3:20  Barracks Tech Lab  
  30  3:22  SCV  
  31  3:29  SCV  
  32  3:34  SCV  
  32  3:42  SCV  
  32  3:43  Hellion x2  
  32  3:46  SCV  
  38  3:53  Orbital Command  
  38  3:54  SCV  
  39  3:58  SCV  
  39  4:01  Fusion Core  
  40  4:03  Refinery  
  40  4:06  SCV  
  41  4:10  Banshee  
  41  4:14  Hellion  
  41  4:15  Barracks Tech Lab  
  46  4:19  SCV x2  
  46  4:22  SCV  
  49  4:25  Hellion  
  52  4:31  SCV  
  52  4:32  SCV  
  52  4:34  Marine  
  54  4:39  SCV  
  54  4:43  SCV  
  54  4:44  SCV  
  54  4:45  Hellion  
  59  4:51  SCV, Supply Depot  
  59  5:04  Supply Depot x2  
  57  5:08  Supply Depot  
  57  5:15  SCV x3  
  60  5:26  Factory Tech Lab  
  60  5:36  SCV  
  60  5:37  Marine  
  48  5:52  SCV x2  
Show
View Real Time Build Order
Export as new Build Order

hinO Zerg - Winner!

Build Orders: Hatch First 

Get SALT Encoding   

  12  0:00  Drone  
  13  0:12  Overlord  
  13  0:17  Drone  
  14  0:31  Drone x2  
  16  0:49  Hatchery, Drone  
  16  0:54  Drone  
  17  0:57  Drone  
  17  1:00  Extractor  
  17  1:13  Spawning Pool  
  17  1:16  Drone  
  17  1:19  Drone  
  18  1:28  Drone  
  19  1:40  Overlord  
  19  1:50  Drone  
  20  2:00  Queen  
  22  2:01  Zergling x4  
  22  2:03  Metabolic Boost  
  24  2:10  Queen  
  24  2:13  Drone  
  27  2:30  Spore Crawler  
  27  2:31  Drone  
  28  2:40  Drone x3  
  28  2:42  Hatchery  
  30  2:46  Drone  
  30  2:50  Drone  
  32  2:54  Overlord  
  32  2:55  Drone  
  33  3:02  Drone  
  33  3:04  Drone  
  35  3:10  Overlord  
  35  3:14  Drone x3  
  38  3:20  Drone  
  38  3:25  Drone  
  40  3:29  Drone  
  40  3:33  Drone  
  42  3:38  Extractor x2  
  42  3:39  Roach Warren, Drone  
  39  3:42  Drone  
  39  3:44  Drone x2  
  39  3:46  Zergling x2  
  42  3:50  Zergling x6  
  42  3:54  Zergling x4  
  47  3:57  Overlord  
  47  4:01  Overlord  
  47  4:05  Overlord  
  47  4:20  Roach x4  
  47  4:23  Roach x2  
  47  4:24  Roach x3  
  65  4:25  Roach  
  65  4:27  Zergling x2  
  65  4:28  Zergling x2  
  69  4:33  Zergling x2  
  69  4:36  Zergling x2  
  71  4:38  Zergling x2  
  71  4:40  Ravager  
  71  4:41  Ravager  
  71  4:42  Zergling x2  
  75  4:46  Ravager  
  75  4:48  Zergling x4  
  78  4:55  Zergling x4  
  78  4:56  Zergling x6  
  77  5:01  Ravager  
  77  5:03  Zergling x6  
  77  5:06  Ravager  
  81  5:08  Overlord  
  81  5:12  Zergling x2  
  82  5:16  Overlord  
  78  5:21  Ravager  
  78  5:24  Ravager  
  78  5:27  Zergling x6  
  78  5:32  Zergling x4  
  72  5:36  Zergling x2  
  72  5:41  Drone  
  68  5:45  Drone x2  
  68  5:47  Drone x4  
  68  5:48  Drone  
  68  5:50  Drone  
  68  5:53  Drone x2  
Tags
 
Add a new tag
Caveats
  • Supply blocks, unpowered buildings, or Contaminate may cause inaccurate times.
  • Supply counts are checked every 10 seconds.